 Dungeon Crawl Stone Soup version 0.17-a0-1564-g7b572aa (webtiles) character file.

1306 urechis the Grappler (level 8, -8/80 HPs)
             Began as a Troll Monk on July 21, 2015.
             Mangled by an orc warrior
             ... wielding a +0 long sword
              (17 damage)
             ... on level 6 of the Dungeon.
             The game lasted 00:05:38 (3381 turns).

urechis the Grappler (Troll Monk)                   Turns: 3381, Time: 00:05:39

Health: -8/80      AC:  6    Str: 22    XL:     8   Next: 32%
Magic:  7/7        EV: 10    Int:  6    God:
Gold:   100        SH:  0    Dex: 12    Spells: 0 memorised, 7 levels left

rFire  . . .     SeeInvis .       - Unarmed
rCold  . . .     Clarity  .     x - +0 robe
rNeg   . . .     SustAt   .     (no shield)
rPois  .         Gourm    +     (helmet restricted)
rElec  .         Spirit   .     C - +0 cloak
rCorr  .         Warding  .     (gloves unavailable)
rMut   .         Stasis   .     (boots unavailable)
MR     .....                    (no amulet)
Stlth  +.........               (no ring)
                                (no ring)

@: not resistant to hostile enchantments, very unstealthy
A: unfitting armour, claws 3, fast metabolism 3, gourmand, regeneration 2,
shaggy fur 1, tough skin 2
a: no special abilities


You were on level 6 of the Dungeon.
You were very full.

You visited 1 branch of the dungeon, and saw 5 of its levels.

You collected 100 gold pieces.

Inventory:

Hand weapons
 a - a +0 blowgun
Missiles
 e - 55 poisoned needles
 y - 5 tomahawks (quivered)
Armour
 v - a cursed -2 large shield
 x - a +0 robe (worn)
 C - a +0 cloak (worn)
Jewellery
 A - an uncursed ring of wizardry {unknown}
Scrolls
 c - a scroll of enchant armour {unknown}
 j - 2 scrolls of remove curse {unknown}
 m - 4 scrolls of fear {unknown}
 n - 6 scrolls of identify {unknown}
 o - a scroll of recharging {unknown}
 s - a scroll of teleportation {unknown}
 t - a scroll of noise {unknown}
 w - a scroll of amnesia {unknown}
 z - a scroll of immolation {unknown}
Potions
 h - a potion of heal wounds {unknown}
 i - a potion of flight {unknown}
 l - a potion of brilliance {unknown}
 p - a potion of lignification {unknown}
 q - a potion of berserk rage {unknown}
 r - 2 potions of haste {unknown}
Comestibles
 b - 3 bread rations
 d - 3 fruits
 f - a meat ration
 g - a beef jerky
 k - 2 slices of pizza
 B - 12 chunks of flesh


   Skills:
 + Level 5.3 Fighting
 - Level 2.4 Dodging
 - Level 1.1 Stealth
 * Level 9.3 Unarmed Combat


You had 7 spell levels left.
You didn't know any spells.

Dungeon Overview and Level Annotations

Branches:
Dungeon (6/15)
 Temple: D:4-7

Altars:
Xom


Innate Abilities, Weirdness & Mutations

You are too large for most types of armour.
You have claws for hands.
Your metabolism is lightning-fast.
You like to eat raw meat.
You heal very quickly.
You are covered in fur (AC +1).
You have very tough skin (AC +2).


Message History

The orc warrior is almost dead.
The orc warrior hits you with a long sword!!
* * * LOW HITPOINT WARNING * * *
The orc closely misses you.
You are too injured to fight recklessly!
You barely miss the orc warrior.
The orc warrior is almost dead.
The orc warrior hits you with a long sword.
* * * LOW HITPOINT WARNING * * *
Drink which item? (? for menu, Esc to quit)
You feel better. The orc misses you.
The orc warrior hits you with a long sword.
* * * LOW HITPOINT WARNING * * *
You scratch the orc warrior but do no damage.
The orc warrior is almost dead.
The orc hits you but does no damage.
You scratch the orc warrior.
The orc warrior is almost dead.
The orc warrior hits you with a long sword!
You die...

..## #...###
...## #......
....####.....#
#.....##..####
##.......## ##
##......##
#.###
#..##....#
##oo..
#.####...##
##oo# #..
#....####.@#
#.#
##....##.###
.# ##.......##
. #.....##.#
##..#####.#
#.## ..# ###
.## ##


You could see an orc warrior (bleeding), an orc priest and 2 orcs.

Vanquished Creatures
  Grinder (D:3)
  Sigmund (D:3)
  The ghost of Nansi the Skirmisher, an average DgGl (D:4)
  2 phantoms
  A giant frog (D:3)
  3 orc priests
  A hound (D:4)
  Ijyb (D:3)
  An iguana (D:4)
  5 orc wizards
  A worker ant (D:4)
  Robin (D:2)
  8 adders
  3 gnolls (D:3)
  An ooze (D:1)
  2 worms (D:3)
  14 orcs
  3 giant cockroaches
  20 goblins
  13 hobgoblins
  8 jackals
  10 kobolds
  3 quokkas
  A ball python (D:3)
  9 bats
  3 giant newts
  9 rats
126 creatures vanquished.

Notes
Turn   | Place    | Note
--------------------------------------------------------------
     0 | D:1      | urechis the Troll Monk began the quest for the Orb.
     0 | D:1      | Reached XP level 1. HP: 22/22 MP: 0/0
   129 | D:1      | Reached XP level 2. HP: 29/29 MP: 1/1
   459 | D:1      | Reached XP level 3. HP: 36/36 MP: 2/2
   666 | D:1      | Reached skill level 5 in Unarmed Combat
  1081 | D:2      | Reached XP level 4. HP: 23/44 MP: 3/3
  1320 | D:2      | Noticed Robin
  1399 | D:2      | Killed Robin
  1628 | D:3      | Noticed a giant frog
  1632 | D:3      | Noticed Sigmund
  1639 | D:3      | Killed a giant frog
  1639 | D:3      | Reached skill level 6 in Unarmed Combat
  1639 | D:3      | Reached XP level 5. HP: 17/53 MP: 4/4
  1647 | D:3      | Killed Sigmund
  1647 | D:3      | Reached XP level 6. HP: 10/61 MP: 5/5
  1764 | D:3      | Noticed a phantom
  1777 | D:3      | Killed a phantom
  1777 | D:3      | Reached skill level 7 in Unarmed Combat
  2086 | D:3      | Noticed Grinder
  2088 | D:3      | Noticed Ijyb
  2100 | D:3      | Killed Grinder
  2100 | D:3      | Reached XP level 7. HP: 27/71 MP: 6/6
  2106 | D:3      | Killed Ijyb
  2106 | D:3      | Reached skill level 8 in Unarmed Combat
  2796 | D:4      | Noticed Nansi's ghost (average DgGl)
  2843 | D:4      | Found a shimmering altar of Xom.
  2844 | D:4      | Found a shimmering altar of Xom.
  2845 | D:4      | Found a shimmering altar of Xom.
  2845 | D:4      | Found a shimmering altar of Xom.
  2845 | D:4      | Found a shimmering altar of Xom.
  2845 | D:4      | Found a shimmering altar of Xom.
  3124 | D:4      | Killed Nansi's ghost
  3124 | D:4      | Reached XP level 8. HP: 10/79 MP: 7/7
  3171 | D:4      | Reached skill level 5 in Fighting
  3179 | D:4      | Reached skill level 9 in Unarmed Combat
  3280 | D:4      | You fall through a shaft for 2 floors!
  3378 | D:6      | HP: 4/80 [orc warrior/long sword (5)]
  3381 | D:6      | Mangled by an orc warrior

Vault maps used:
D:1:      minmay_arrival_three_doors
D:2:      minmay_unequal, uniq_robin
D:3:      first_bread, uniq_grinder, uniq_iyjb, uniq_sigmund
D:4:      xom_redecorated
D:6:      okawaru_trees_2

Action                   |  1- 3 |  4- 6 |  7- 9 || total
-------------------------+-------+-------+-------++-------
Melee: Unarmed           |    95 |   145 |   132 ||   372
Throw: Tomahawk          |       |       |     1 ||     1
  Use: Potion            |       |     2 |     1 ||     3
 Stab: Sleeping          |     3 |       |     2 ||     5
  Eat: Chunk             |    10 |    12 |    13 ||    35
